 Dungeon Crawl Stone Soup version 0.20.1-1-g8b1a95d (webtiles) character file.

5050 equalderp2856 the Cleaver (level 10, -2/74 HPs)
             Began as a Mummy Fighter on Oct 27, 2017.
             Slain by a killer bee (4 damage)
             ... on level 9 of the Dungeon.
             The game lasted 00:23:53 (11632 turns).

equalderp2856 the Cleaver (Mummy Fighter)          Turns: 11632, Time: 00:23:54

Health: -2/74      AC: 12    Str: 21    XL:     10   Next: 30%
Magic:  20/20      EV:  6    Int: 10    God:
Gold:   389        SH: 12    Dex: 11    Spells: 22/22 levels left

rFire    . . .     SeeInvis .   a - +1 war axe
rCold    + . .     Gourm    .   c - +0 shield
rNeg     + + +     Faith    .   h - +0 chain mail
rPois    ∞         Spirit   .   (no helmet)
rElec    .         Reflect  +   (no cloak)
rCorr    .         Harm     .   m - +0 pair of gloves
MR       +....                  g - +0 pair of boots
Stlth    ..........             i - +2 amulet of reflection
Regen    0.3/turn               s - ring of protection from fire
MPRegen  0.2/turn               q - +5 ring of slaying

@: no status effects
A: no food or potions, fire vulnerability, cold resistance 1, negative energy
resistance 3, torment resistance, unbreathing
a: no special abilities


You were on level 9 of the Dungeon.
You were not hungry.

You visited 1 branch of the dungeon, and saw 9 of its levels.
You also visited: Ossuary.

You collected 389 gold pieces.

Inventory:

Hand Weapons
 a - a +1 war axe (weapon)
 r - a +0 spear of flaming
 z - a +0 trident
Armour
 b - a +0 scale mail
 c - a +0 shield (worn)
 g - a +0 pair of boots (worn)
 h - a +0 chain mail (worn)
 k - a +0 plate armour
 m - a +0 pair of gloves (worn)
Jewellery
 i - a +2 amulet of reflection (around neck)
 j - an uncursed ring of ice
 q - a +5 ring of slaying (right hand)
 s - a ring of protection from fire (left hand)
Wands
 o - a wand of polymorph (18/24)
 w - a wand of enslavement (3/24)
 A - a wand of digging (6/24)
Scrolls
 d - 6 scrolls of identify
 f - a scroll of recharging
 n - 10 scrolls of remove curse
 x - 3 scrolls of vulnerability


   Skills:
 + Level 5.4 Fighting
 * Level 8.8 Axes
 + Level 5.5 Armour
 + Level 1.6 Dodging
 + Level 0.8 Stealth
 + Level 5.2 Shields
 * Level 6.9 Spellcasting


You had 22 spell levels left.
You didn't know any spells.

Dungeon Overview and Level Annotations

Branches:
Dungeon (9/15)             Temple (0/1) D:4            Lair (0/6) D:9
    Orc: D:9-12

Altars:
Ashenzari
Dithmenos
Gozag
Ru
The Shining One


Innate Abilities, Weirdness & Mutations

You do not eat or drink.
Your flesh is vulnerable to fire.
You are immune to poison.
Your flesh is cold resistant. (rC+)
You are immune to negative energy. (rN+++)
You are immune to unholy pain and torment.
You can survive without breathing.


Message History

The killer bee closely misses your killer bee.
Your killer bee stings the killer bee.
The killer bee explodes!
You hear an explosion! x3
You feel a bit more experienced. x3
The fiery explosion engulfs your killer bee.
Your killer bee is moderately wounded.
The killer bee is no longer charmed.
You feel a bit more experienced.
Unknown command.
You miss the killer bee.
The killer bee is moderately wounded.
The killer bee stings you.
* * * LOW HITPOINT WARNING * * *
You block the killer bee's attack.
You closely miss the killer bee.
The killer bee is moderately wounded.
The killer bee stings you.
* * * LOW HITPOINT WARNING * * *
You block the killer bee's attack. The killer bee stings you.
You die...

..............)......####%####...
.....................#*.....*#...
#....................#.......#...
##...%......=........#.......#...
.#...........y..........._.......
.#.............§§§...#.......#...
.#....)....#.###§##..#.......#.#.
##......#.....##y###.**.....*#.#.
.#............§§@§§..#*##.####.##
.#.......#....#§§§§..............
.#........##..#..#..#########...#
##...>...###.....#### #.....
#.....(.## **.#.## #.####
.........## ####* #.#
..........## #.# ...........# #.#
..........### #.#


You could see a killer bee (inner flame).

Vanquished Creatures
  Pikel (D:4)
  Grinder (D:2)
  Prince Ribbit (D:7)
  2 hippogriffs (D:8)
  A wraith (D:7)
  A spriggan (D:8)
  Menkaure (D:5)
  Duvessa (D:5)
  A slave (D:3)
  A black bear (D:7)
  3 ice beasts
  3 sky beasts
  2 phantoms
  A boggart (D:3)
  An orc warrior (D:6)
  3 ogres
  2 centaurs (D:7)
  A crocodile (D:9)
  A bullfrog (D:6)
  Dowan (D:6)
  3 scorpions
  9 killer bees
  3 howler monkeys
  3 crimson imps
  A bullfrog zombie (D:6)
  A bullfrog skeleton (D:4)
  6 hounds
  3 orc priests
  3 iguanas
  Jessica (D:3)
  3 orc wizards
  4 worker ants
  A hound zombie (D:5)
  A hound skeleton (D:8)
  2 mummies
  A worker ant zombie (D:7)
  9 adders
  5 gnolls
  2 howler monkey skeletons
  3 shadow imps
  2 oozes
  An adder skeleton (D:4)
  6 worms
  4 dart slugs
  3 leopard geckos
  20 orcs
  3 ball pythons
  3 bats
  3 giant cockroaches
  11 goblins
  6 hobgoblins (D:2)
  6 jackals (D:3)
  6 kobolds
  7 quokkas
  9 frilled lizards
  3 gnoll skeletons (Ossuary)
  A goblin zombie (D:7)
  A hobgoblin zombie (D:7)
  5 kobold skeletons (Ossuary)
  2 leopard gecko zombies
  17 orc skeletons (Ossuary)
  3 rats
  A plant (D:2)
216 creatures vanquished.

Vanquished Creatures (collateral kills)
  A killer bee (D:9)
1 creature vanquished.

Vanquished Creatures (others)
  An ogre (D:4)
  A plant (D:2)
2 creatures vanquished.

Grand Total: 219 creatures vanquished

Notes
Turn   | Place    | Note
-------+----------+-------------------------------------------
     0 | D:1      | equalderp2856 the Mummy Fighter began the quest for the Orb.
     0 | D:1      | Reached XP level 1. HP: 18/18 MP: 1/1
   260 | D:1      | Reached XP level 2. HP: 21/24 MP: 2/2
  1277 | D:2      | Reached skill level 2 in Axes
  1277 | D:2      | Reached XP level 3. HP: 27/29 MP: 3/3
  1573 | D:2      | Found a sacrificial altar of Ru.
  1646 | D:2      | Reached XP level 4. HP: 33/35 MP: 5/5
  1889 | D:1      | Reached skill level 1 in Spellcasting
  2374 | D:2      | Reached skill level 3 in Axes
  2551 | D:2      | Reached XP level 5. HP: 32/42 MP: 5/7
  2933 | D:3      | Noticed Grinder
  3006 | D:3      | Paralysed by Grinder for 7 turns
  3016 | D:3      | Paralysed by Grinder for 5 turns
  3251 | D:3      | Paralysed by Grinder for 6 turns
  3268 | D:2      | Killed Grinder
  3268 | D:2      | Reached skill level 4 in Axes
  3268 | D:2      | Reached XP level 6. HP: 23/48 MP: 9/9
  3596 | D:3      | Noticed Sigmund
  3706 | D:3      | Noticed Jessica
  3721 | D:3      | Noticed Sigmund
  3732 | D:3      | Killed Sigmund the boggart
  3732 | D:3      | Reached XP level 7. HP: 50/53 MP: 9/11
  3735 | D:3      | Killed Jessica
  4199 | D:4      | Reached skill level 5 in Axes
  4307 | D:4      | Found a glowing golden altar of the Shining One.
  4451 | D:4      | Noticed Pikel
  4686 | D:4      | Killed Pikel
  4686 | D:4      | Reached skill level 6 in Axes
  4686 | D:4      | Reached XP level 8. HP: 34/60 MP: 11/14
  4967 | D:4      | Found a staircase to the Ecumenical Temple.
  5052 | D:4      | Reached skill level 1 in Dodging
  5452 | D:5      | Entered Level 5 of the Dungeon
  5821 | D:5      | Noticed Menkaure
  5827 | D:5      | Killed Menkaure
  6695 | D:6      | Reached skill level 5 in Spellcasting
  6866 | D:6      | Noticed Dowan
  6888 | D:6      | Killed Dowan
  6888 | D:6      | Reached XP level 9. HP: 62/66 MP: 16/16
  6909 | D:6      | Noticed Duvessa
  6951 | D:5      | Killed Duvessa
  6951 | D:5      | Reached skill level 7 in Axes
  7795 | D:7      | Found an opulent altar of Gozag.
  8068 | D:7      | Noticed Prince Ribbit
  8123 | D:7      | Found a sand-covered staircase.
  8127 | Ossuary  | Entered an ossuary
  9189 | D:7      | Killed Prince Ribbit
  9189 | D:7      | Reached skill level 5 in Fighting
  9189 | D:7      | Reached skill level 8 in Axes
  9208 | D:7      | Reached skill level 5 in Armour
  9995 | D:8      | Reached XP level 10. HP: 58/74 MP: 19/19
 10094 | D:8      | Reached skill level 5 in Shields
 11276 | D:9      | Found a shattered altar of Ashenzari.
 11555 | D:9      | Found a shadowy altar of Dithmenos.
 11632 | D:9      | HP: 2/74 [killer bee (3)]
 11632 | D:9      | Slain by a killer bee

Skill      XL: |  1  2  3  4  5  6  7  8  9 10 |
---------------+-------------------------------+-----
Axes           | 2 3 4 6 8 |  8.8
Spellcasting   | 1 2 4 5 6 |  6.9
Armour         | 3 4 5 |  5.5
Shields        | 3 4 5 |  5.2
Fighting       | 4 5 |  5.4
Dodging        | 1 |  1.6
Stealth        | |  0.8

Action                   |  1- 3 |  4- 6 |  7- 9 | 10-12 || total
-------------------------+-------+-------+-------+-------++-------
Melee: War axe           |   105 |   223 |   507 |   107 ||   942
Evoke: Wand              |       |       |       |     2 ||     2
  Use: Scroll            |       |       |     5 |     8 ||    13
Armor: Scale mail        |    12 |       |       |       ||    12
       Chain mail        |    74 |   134 |   300 |    88 ||   596
Dodge: Dodged            |    25 |    59 |   118 |    44 ||   246
Block: Shield            |    66 |   108 |   305 |   165 ||   644
       Reflection        |       |       |       |     1 ||     1
